cohdb
Replays
Latest Replays
All Replays
Popular Replays
Top Player Replays
Match Explorer
How It Works
Community
CoH3 Stats
Reddit
Sign in to upload your games and track your stats! →
Sign in with Steam
Match 45828187
Unlisted
Match 45828187
Overview
Messages
Build Orders
End
Engineer Squad
Selects Special Operations Battlegroup
Selects M29 Weasel Recon Vehicle
M29 Weasel Recon Vehicle
Construct Weapon Support Center
M1919 Machine Gun Team
M1919 Machine Gun Team
Air Support Center
M1919 Machine Gun Team
Selects Smoke Screen
Grasshopper Recon Run
P-47 Dive Bomb
Construct Motor Pool
M8 Greyhound Armored Car
Grasshopper Recon Run
P-47 Dive Bomb
Air Supply
Selects SSF Commando Squad
SSF Commando Squad
P-47 Dive Bomb
Selects Mark Vehicle
Double Sortie
SSF Commando Squad
K̳itsuné
aSIIDemolitionHammer
✠Kaiser✠ tushkan
✠Kaiser✠ PERVITIN
0
0
Comments
sign in to comment!
No comments posted yet!